 Dungeon Crawl Stone Soup version 0.29.1-15-g9cfb28693d (webtiles) character file.

Game seed: 8664404468885973848

1 drjones the Slasher (level 1, 0/28 HPs)
             Began as a Minotaur Berserker on Apr 8, 2023.
             Was a Follower of Trog.
             Slain by a quokka (3 damage)
             ... on level 1 of the Dungeon.
             The game lasted 00:00:39 (223 turns).

drjones the Slasher (Minotaur Berserker)             Turns: 223, Time: 00:00:40

Health: 0/28       AC:  2    Str: 21    XL:     1   Next: 16%
Magic:  0/0        EV: 12    Int:  4    God:    Trog [*.....]
Gold:   14         SH:  0    Dex:  9    Spells: 0/0 levels left

rFire   . . .      SeeInvis .   a - +0 falchion
rCold   . . .      Faith    .   (no shield)
rNeg    . . .      Spirit   .   b - +0 animal skin
rPois   .          Reflect  .   (helmet restricted)
rElec   .          Harm     .   (no cloak)
rCorr   .          Rampage  .   (no gloves)
Will    .....                   (no boots)
Stlth   ..........              (no amulet)
HPRegen 0.09/turn               (no ring)
MPRegen 0.07/turn               (no ring)

@: berserking, very quick
A: horns 2, retaliatory headbutt
a: Renounce Religion, Berserk


You were on level 1 of the Dungeon.
You worshipped Trog.
Trog was aware of your devotion.
You visited 1 branch of the dungeon, and saw 1 of its levels.

You collected 14 gold pieces.

Inventory:

Hand Weapons
 a - a +0 falchion (weapon)
Missiles
 d - 4 stones (quivered)
Armour
 b - a +0 animal skin (worn)
Jewellery
 c - a ring of protection from cold
Scrolls
 e - a scroll of blinking {unknown}


   Skills:
 - Level 3.6 Fighting
 + Level 3.7 Long Blades
 - Level 2.4 Armour
 - Level 2.1 Dodging


You couldn't memorise any spells.
You didn't know any spells.
Your spell library was empty.

Dungeon Overview and Level Annotations

Branches:
Dungeon (1/15)

Altars:


Innate Abilities, Weirdness & Mutations

You have a pair of horns on your head.
You reflexively headbutt those who attack you in melee.


Message History

a +0 dagger; 4 stones; a kobold corpse You start resting.
HP restored.
d - 4 stones
Found a hand axe.
Found a club.
You now have 14 gold pieces.
Found a whip.
e - a scroll labelled YVOPLO GAPEIPA You see here a rat corpse.
Found a spear.
You open the door.
There is an open door here.
You open the door.
There is an open door here.
A quokka comes into view.
Found 2 murky red potions.
You hit the quokka but do no damage. The quokka bites you.
The quokka bites you but does no damage.
You closely miss the quokka. The quokka bites you.
You are too injured to fight recklessly!
You are too injured to fight recklessly!
You are too injured to fight recklessly!
You are too injured to fight recklessly!
You are too injured to fight recklessly!
You hit the quokka.
The quokka is heavily wounded.
The quokka bites you.
You closely miss the quokka.
The quokka is moderately wounded.
The quokka bites you.
* * * LOW HITPOINT WARNING * * *
The quokka closely misses you.
You closely miss the quokka.
The quokka is moderately wounded.
The quokka bites you.
* * * LOW HITPOINT WARNING * * *
A red film seems to cover your vision as you go berserk!
You feel yourself moving faster!
You feel mighty! The quokka bites you.
You die...

...~~~PPP≈~.....#..#...##..##
..~~PPP~~~.P...♣#......# ..#
≈≈~~PP~~.....>♣♣#.#..).##..#
≈≈≈≈≈≈≈.<..♣♣♣♣ #.###...#
#########'## #........
#.#######........
#.........)......
##...P........!..
##..P♣..@r........
##...P♣P..P........
#.P..♣♣P.P.........
#♣♣P♣♣♣♣♣♣♣.####### .P♣ P.#
#. .+# ## . ..


You could see a quokka.

Vanquished Creatures
  A kobold (D:1)
  A rat (D:1)
2 creatures vanquished.

Vanquished Creatures (others)
  A plant (D:1)
1 creature vanquished.

Grand Total: 3 creatures vanquished

Notes
Turn   | Place    | Note
-------+----------+-------------------------------------------
     0 | D:1      | drjones the Minotaur Berserker began the quest for the Orb.
     0 | D:1      | Reached XP level 1. HP: 19/19 MP: 0/0
   223 | D:1      | Slain by a quokka

Illustrated notes

Levels and vault maps discovered:
D:1:      tarquinn_simple_flora_water_c, layout_basic, serial_forest,
          infiniplex_forest_lined_room_, infiniplex_forest_lined_corner,
          infiniplex_forest_3_way, infiniplex_forest_end_1,
          infiniplex_forest_end_2, infiniplex_forest_diagonal,
          infiniplex_forest_clump_cross, corexii_hall_statues_t

Action                   || total
-------------------------++-------
Melee: Falchion          ||    11
       Headbutt          ||     1
Invok: Berserk           ||     1
Armor: Animal skin       ||     2
Dodge: Dodged            ||     2
